 Dungeon Crawl Stone Soup version 0.27-a0-249-g74f53ef629 (webtiles) character file.

Game seed: 1444578131307016495

546 siradein the Digger (level 7, -4/36 HPs)
             Began as a Vampire Earth Elementalist on Feb 3, 2021.
             Killed by divine providence
             ... invoked by an orc priest
              (8 damage)
             ... on level 4 of the Dungeon.
             The game lasted 00:23:09 (4342 turns).

siradein the Digger (Vampire Earth Elementalist)    Turns: 4342, Time: 00:23:11

Health: -4/36      AC:  2    Str:  7    XL:     7   Next: 6%
Magic:  7/10       EV: 13    Int: 25    God:
Gold:   178        SH:  0    Dex: 15    Spells: 1/10 levels left

rFire    . . .     SeeInvis +   t - +5 flail (protect)
rCold    + + .     Faith    .   (no shield)
rNeg     + + +     Spirit   .   c - +0 robe
rPois    ∞         Reflect  .   (no helmet)
rElec    .         Harm     .   (no cloak)
rCorr    .         Rampage  .   (no gloves)
Will     .....                  (no boots)
Stlth    ++++......             (no amulet)
HPRegen  0.00/turn              q - +6 ring of intelligence
MPRegen  0.12/turn              (no ring)

@: bloodless
A: fangs 3, see invisible, unbreathing
a: Bat Form, Revivify


You were on level 4 of the Dungeon.
You visited 1 branch of the dungeon, and saw 4 of its levels.

You collected 178 gold pieces.

Inventory:

Hand Weapons
 o - a +3 dagger of speed
 t - a +5 flail of protection (weapon)
Missiles
 b - 45 stones
Armour
 c - a +0 robe (worn)
Jewellery
 q - a +6 ring of intelligence (left hand)
Wands
 n - a wand of flame (14)
Scrolls
 g - a scroll of teleportation
 h - 4 scrolls of remove curse
 l - 2 scrolls of identify
 p - a scroll of random uselessness {unknown}
 s - a scroll of magic mapping {unknown}
 u - a scroll of enchant armour {unknown}
Potions
 a - 2 potions of lignification {unknown}
 d - 4 potions of heal wounds {unknown}
 e - 3 potions of might {unknown}
 f - 3 potions of brilliance {unknown}
 i - 2 potions of flight {unknown}
 j - a potion of curing
 k - a potion of resistance {unknown}
 m - a potion of cancellation {unknown}
 r - a potion of ambrosia {unknown}


   Skills:
 - Level 2.1 Dodging
 - Level 3.0 Stealth
 - Level 2.0 Spellcasting
 + Level 3.3 Conjurations
 - Level 1.1 Transmutations
 + Level 6.6 Earth Magic


You had one spell level left.
You knew the following spells:

 Your Spells              Type           Power        Failure   Level
a - Sandblast             Erth           70%          1%          1
b - Lee's Rapid Deconstr  Erth           17%          21%         5
c - Stone Arrow           Conj/Erth      54%          4%          3

Your spell library contained the following spells:

 Spells                   Type           Power        Failure   Level
 Passwall                 Tmut/Erth      17%          3%          2
 Petrify                  Tmut/Erth      21%          22%         4


Dungeon Overview and Level Annotations

Branches:
Dungeon (4/15)
 Temple: D:4-7

Altars:
Qazlal
Beogh


Innate Abilities, Weirdness & Mutations

You do not regenerate when monsters are visible.
You are frail without blood (-20% HP).
You can heal yourself when you bite living creatures.
You are immune to poison.
You have razor-sharp teeth.
You have supernaturally acute eyesight. (SInv)
You can survive without breathing.


Message History

The stone arrow hits the orc!!
You kill the orc!
Casting: Stone Arrow (dangerous; 4% risk of failure)
Confirm with . or Enter, or press ? or * to list all spells.
Aiming: Stone Arrow (dangerous; 4% risk of failure)
Press: ? - help, Shift-Dir - straight line, f - orc
Aim: an orc, wielding a -3 whip and wearing a +0 leather armour (29% to evade)
The stone arrow hits the orc!!
You kill the orc!
The orc priest invokes the aid of Beogh against you.
Beogh smites you!
The orc priest mumbles some strange prayers to Beogh against you.
Beogh smites you!
There is an open door here.
The orc priest mumbles some strange prayers to Beogh against you.
Beogh smites you!
* * * LOW HITPOINT WARNING * * *
The orc priest calls down the wrath of Beogh upon you.
Beogh smites you!
You die...

#########.# ..#
o.......#.########>#
#######.#........###
#.########.# #.# #.#
#.# #.# #.# #.# #.#
#.# #.# #@# #.# #.#
#.# #.# #o# #.# #.#
#.# #.# #.# #.# #.#
#.# #o# #.# #.#


You could see an orc priest.

Vanquished Creatures
  Edmund (D:3)
  The ghost of snackwell the Caller, an amateur MfSu (D:3)
  An orc priest (D:4)
  A bullfrog skeleton (D:4)
  Natasha (thrice) (D:2)
  Ijyb (D:3)
  Terence (D:2)
  4 gnolls
  8 adders
  A worm (D:2)
  2 dart slugs (D:3)
  3 leopard geckos
  4 orcs
  A ball python (D:2)
  5 giant cockroaches
  4 hobgoblins
  6 jackals
  4 kobolds
  A quokka (D:3)
  4 bats
  3 frilled lizards
  3 goblins (D:3)
  8 rats
70 creatures vanquished.

Notes
Turn   | Place    | Note
-------+----------+-------------------------------------------
     0 | D:1      | siradein the Vampire Earth Elementalist began the quest for
                  | the Orb.
     0 | D:1      | Reached XP level 1. HP: 13/13 MP: 3/3
   720 | D:1      | Reached XP level 2. HP: 19/19 MP: 3/5
   889 | D:1      | Learned a level 2 spell: Passwall
  1076 | D:2      | Noticed Terence
  1297 | D:2      | Reached skill level 4 in Earth Magic
  1434 | D:2      | Reached XP level 3. HP: 22/24 MP: 1/6
  1488 | D:1      | Learned a level 3 spell: Stone Arrow
  1744 | D:2      | Noticed Natasha
  1753 | D:2      | Killed Natasha
  1754 | D:2      | Reached XP level 4. HP: 20/30 MP: 3/7
  1815 | D:2      | Found a stormy altar of Qazlal.
  1821 | D:2      | Noticed Natasha
  1823 | D:2      | Killed Natasha
  1824 | D:2      | Reached skill level 1 in Conjurations
  1824 | D:2      | Reached skill level 5 in Earth Magic
  1890 | D:2      | Killed Terence
  2264 | D:2      | Noticed Natasha
  2270 | D:2      | Killed Natasha
  2271 | D:2      | Reached XP level 5. HP: 35/35 MP: 5/8
  2591 | D:3      | Noticed Ijyb
  2613 | D:3      | Killed Ijyb
  2716 | D:3      | Found a runed translucent door.
  2720 | D:3      | Noticed snackwell's ghost (amateur MfSu)
  3102 | D:3      | Reached XP level 6. HP: 18/32 MP: 0/9
  3292 | D:3      | Found a faded altar of an unknown god.
  3478 | D:3      | Killed snackwell's ghost
  3479 | D:3      | Reached skill level 6 in Earth Magic
  3496 | D:3      | Learned a level 5 spell: Lee's Rapid Deconstruction
  3744 | D:4      | Noticed Edmund
  3858 | D:3      | Killed Edmund
  4256 | D:4      | Found a roughly hewn altar of Beogh.
  4260 | D:4      | Reached XP level 7. HP: 36/36 MP: 3/10
  4342 | D:4      | Killed from afar by an orc priest

Illustrated notes

Levels and vault maps discovered:
D:1:      amcnicky_arrival_double_pillar, layout_basic, chequers_garden
D:2:      layout_basic, lemuel_doored_altar, uniq_terence, uniq_natasha
D:3:      layout_basic, chequers_ecumenical_altar_simple, ebering_ghost_sewer_d,
          st_stairs_4, uniq_ijyb
D:4:      layout_basic, kennysheep_orc_chapel, uniq_edmund

Skill      XL: |  1  2  3  4  5  6 |
---------------+-------------------+-----
Earth Magic    | 4 5 6 |  6.6
Conjurations   | 1 2 3 |  3.3
Dodging        | |  2.1
Stealth        | |  3.0
Spellcasting   | |  2.0
Transmutations | |  1.1

Action                   |  1- 3 |  4- 6 |  7- 9 || total
-------------------------+-------+-------+-------++-------
Melee: Unarmed           |     1 |     6 |       ||     7
       Bite              |       |     1 |       ||     1
       Dagger            |       |     1 |       ||     1
 Cast: Sandblast         |    48 |    65 |       ||   113
       Stone Arrow       |       |    19 |     2 ||    21
 Abil: Exsanguinate      |       |     1 |       ||     1
  Use: Scroll            |       |     4 |       ||     4
Armor: Robe              |     6 |     6 |       ||    12
Dodge: Dodged            |    15 |    22 |       ||    37

Table legend: (Time is in decaauts)
 A = Elapsed time spent in this place.
 B = Non-inter-level travel time spent in this place.
 C = Inter-level travel time spent in this place.
 D = Time resting spent in this place.
 E = Time spent auto-exploring this place.
 F = Levels seen in this place.
 G = Mean time per level.
                   A        B        C        D        E       F      G
               +--------+--------+--------+--------+--------+-----+--------+
         Total |   4345 |   4296 |     49 |    279 |   3151 |   4 | 1086.2 |
       Dungeon |   4345 |   4296 |     49 |    279 |   3151 |   4 | 1086.2 |
               +--------+--------+--------+--------+--------+-----+--------+

Top non-repeatable levels by time:
     D:3: 1332 daAuts
     D:2: 1231 daAuts
     D:1: 1182 daAuts
     D:4: 600 daAuts
